TOP OF THE 1ST |
Newark Bulldogs batting - Pitching for Rio Grande Rattlesnake : RHP Manny Silva
|
Pitching: RHP Manny Silva
|
|
Batting: RHB Joe Baker
|
0-0: Called Strike 0-1: Ball 1-1: Ground out 5-3 (Groundball, 56S)
|
Batting: LHB Ángel Tuzzi
|
0-0: Foul Ball, location: 2F 0-1: Ball 1-1: Ground out 4-3 (Groundball, 4D)
|
Batting: RHB Ken McDonald
|
0-0: Swinging Strike 0-1: Called Strike 0-2: Ball 1-2: Foul Ball, location: 2F 1-2: Strikes out swinging
|
Top of the 1st over - 0 run(s), 0 hit(s), 0 error(s), 0 left on base; Newark 0 - Rio Grande 0 |
BOTTOM OF THE 1ST |
Rio Grande Rattlesnake batting - Pitching for Newark Bulldogs : RHP Juan González
|
Pitching: RHP Juan González
|
|
Batting: SHB William Daly
|
0-0: Swinging Strike 0-1: Ball 1-1: Foul Ball, location: 2F 1-2: Strikes out swinging
|
Batting: LHB Claudio Rodríguez
|
0-0: Ball 1-0: DOUBLE (Line Drive, 7LS)
|
Batting: RHB Miguel Hernández
|
0-0: Ball 1-0: Ball 2-0: Foul Ball, location: 2F 2-1: Foul Ball, location: 2F 2-2: Strikes out looking
|
Batting: RHB Rafael Carreón
|
0-0: Called Strike 0-1: Ball 1-1: Ground out 4-3 (Groundball, 4)
|
Bottom of the 1st over - 0 run(s), 1 hit(s), 0 error(s), 1 left on base; Newark 0 - Rio Grande 0 |
TOP OF THE 2ND |
Newark Bulldogs batting - Pitching for Rio Grande Rattlesnake : RHP Manny Silva
|
Batting: LHB Frank Jackson
|
0-0: Ball 1-0: Ball 2-0: Ball 3-0: Foul Ball, location: 2F 3-1: Foul Ball, location: 2F 3-2: Ground out 3-1 (Groundball, 34)
|
Batting: RHB Emílio Salas
|
0-0: Ground out 1-3 (Groundball, 15S)
|
Batting: RHB Pablo Gómez
|
0-0: SINGLE (Line Drive, 34D)
|
Batting: LHB Iván Vázquez
|
0-0: Called Strike 0-1: Ball 1-1: Fly out, F7 (Flyball, 7D)
|
Top of the 2nd over - 0 run(s), 1 hit(s), 0 error(s), 1 left on base; Newark 0 - Rio Grande 0 |
BOTTOM OF THE 2ND |
Rio Grande Rattlesnake batting - Pitching for Newark Bulldogs : RHP Juan González
|
Batting: RHB Jeff Bane
|
0-0: Ball 1-0: Swinging Strike 1-1: Ball 2-1: Called Strike 2-2: Ball 3-2: Foul Ball, location: 2F 3-2: Fly out, F5 (Line Drive, 5)
|
Batting: RHB Liangde Que
|
0-0: SINGLE (Groundball, 6D)
|
Batting: RHB Doug Delaney
|
0-0: Ball 1-0: Foul Ball, location: 2F 1-1: Called Strike 1-2: Fly out, F7 (Flyball, 78S)
|
Batting: RHB Juan López
|
0-0: SINGLE (Groundball, 56D) Liangde Que to second
|
Batting: SHB Jeremy Holmes
|
0-0: Foul Ball, location: 2F 0-1: Called Strike 0-2: Ball 1-2: Ball 2-2: Foul Ball, location: 2F 2-2: SINGLE (Line Drive, 7S) Liangde Que to third Juan López to second Runner from 3rd tries for Home, SAFE, no throw
|
Batting: SHB William Daly
|
0-0: Foul Ball, location: 2F 0-1: Ball 1-1: Foul Ball, location: 2F 1-2: Ball 2-2: Foul Ball, location: 2F 2-2: SINGLE (Groundball, 6MD) Juan López to third Jeremy Holmes to second Runner from 3rd tries for Home, SAFE, no throw
|
Batting: LHB Claudio Rodríguez
|
0-0: Ball 1-0: Called Strike 1-1: SINGLE (Line Drive, 89S) Jeremy Holmes to third William Daly to second
|
Batting: RHB Miguel Hernández
|
0-0: Ball 1-0: Ball 2-0: Ball 3-0: Called Strike 3-1: Base on Balls Jeremy Holmes scores William Daly to third Claudio Rodríguez to second
|
Batting: RHB Rafael Carreón
|
0-0: Ball 1-0: Ball 2-0: Called Strike 2-1: Ball 3-1: Called Strike 3-2: Foul Ball, location: 2F 3-2: Base on Balls William Daly scores Claudio Rodríguez to third Miguel Hernández to second
|
Batting: RHB Jeff Bane
|
0-0: Ball 1-0: Called Strike 1-1: Called Strike 1-2: Strikes out swinging
|
Bottom of the 2nd over - 4 run(s), 5 hit(s), 0 error(s), 3 left on base; Newark 0 - Rio Grande 4 |
TOP OF THE 3RD |
Newark Bulldogs batting - Pitching for Rio Grande Rattlesnake : RHP Manny Silva
|
Batting: LHB Gabriel MacNeill
|
0-0: Ball 1-0: Ground out 4-3 (Groundball, 4)
|
Batting: RHB Wilson Flores
|
0-0: Called Strike 0-1: Ball 1-1: Ball 2-1: Swinging Strike 2-2: Strikes out swinging
|
Batting: RHB Joe Baker
|
0-0: Swinging Strike 0-1: Called Strike 0-2: Ball 1-2: Fly out, F8 (Flyball, 8RS)
|
Top of the 3rd over - 0 run(s), 0 hit(s), 0 error(s), 0 left on base; Newark 0 - Rio Grande 4 |
BOTTOM OF THE 3RD |
Rio Grande Rattlesnake batting - Pitching for Newark Bulldogs : RHP Juan González
|
Batting: RHB Liangde Que
|
0-0: Ball 1-0: Ball 2-0: Called Strike 2-1: SOLO HOME RUN (Line Drive, 7D), Distance : 370 ft
|
Batting: RHB Doug Delaney
|
0-0: Foul Ball, location: 2F 0-1: Ground out 4-3 (Groundball, 34D)
|
Batting: RHB Juan López
|
0-0: Ground out 5-3 (Groundball, 56)
|
Batting: SHB Jeremy Holmes
|
0-0: Foul Ball, location: 2F 0-1: Ball 1-1: Ball 2-1: Ground out 3-1 (Groundball, 34S)
|
Bottom of the 3rd over - 1 run(s), 1 hit(s), 0 error(s), 0 left on base; Newark 0 - Rio Grande 5 |
TOP OF THE 4TH |
Newark Bulldogs batting - Pitching for Rio Grande Rattlesnake : RHP Manny Silva
|
Batting: LHB Ángel Tuzzi
|
0-0: Called Strike 0-1: Foul Ball, location: 2F 0-2: Strikes out looking
|
Batting: RHB Ken McDonald
|
0-0: Called Strike 0-1: Ground out 6-3 (Groundball, 6)
|
Batting: LHB Frank Jackson
|
0-0: Called Strike 0-1: Fly out, F7 (Flyball, 7S)
|
Top of the 4th over - 0 run(s), 0 hit(s), 0 error(s), 0 left on base; Newark 0 - Rio Grande 5 |
BOTTOM OF THE 4TH |
Rio Grande Rattlesnake batting - Pitching for Newark Bulldogs : RHP Juan González
|
Batting: SHB William Daly
|
0-0: Called Strike 0-1: Ball 1-1: Swinging Strike 1-2: SOLO HOME RUN (Flyball, 7D), Distance : 354 ft
|
Pitching: RHP José Gonzáles
|
|
Batting: LHB Claudio Rodríguez
|
0-0: Ball 1-0: Ball 2-0: Foul Ball, location: 2F 2-1: Called Strike 2-2: Strikes out swinging
|
Batting: RHB Miguel Hernández
|
0-0: Ball 1-0: Ground out U3 (Groundball, 3)
|
Batting: RHB Rafael Carreón
|
0-0: Fly out, F6 (Line Drive, 6)
|
Bottom of the 4th over - 1 run(s), 1 hit(s), 0 error(s), 0 left on base; Newark 0 - Rio Grande 6 |
TOP OF THE 5TH |
Newark Bulldogs batting - Pitching for Rio Grande Rattlesnake : RHP Manny Silva
|
Batting: RHB Emílio Salas
|
0-0: Ball 1-0: Ball 2-0: Foul Ball, location: 2F 2-1: SINGLE (Line Drive, 34)
|
Batting: RHB Pablo Gómez
|
0-0: Fly out, F9 (Flyball, 89M)
|
Batting: LHB Iván Vázquez
|
0-0: Foul Ball, location: 2F 0-1: Fly out, F4 (Flyball, 4MD)
|
Batting: LHB Gabriel MacNeill
|
0-0: Ball 1-0: Called Strike 1-1: Ball Emílio Salas steals 2nd base 2-1: Called Strike 2-2: TRIPLE (Line Drive, 8RD) Emílio Salas scores
|
Batting: RHB Wilson Flores
|
0-0: Foul Ball, location: 2F 0-1: Foul Ball, location: 2F 0-2: Fly out, F8 (Flyball, 8LM)
|
Top of the 5th over - 1 run(s), 2 hit(s), 0 error(s), 1 left on base; Newark 1 - Rio Grande 6 |
BOTTOM OF THE 5TH |
Rio Grande Rattlesnake batting - Pitching for Newark Bulldogs : RHP José Gonzáles
|
Batting: RHB Jeff Bane
|
0-0: Ball 1-0: Ball 2-0: Called Strike 2-1: Ball 3-1: Swinging Strike 3-2: Foul Ball, location: 2F 3-2: Fly out, F7 (Line Drive, 7LM)
|
Batting: RHB Liangde Que
|
0-0: Ball 1-0: Swinging Strike 1-1: Called Strike 1-2: Strikes out swinging
|
Batting: RHB Doug Delaney
|
0-0: Foul Ball, location: 2F 0-1: Foul Ball, location: 2F 0-2: Fly out, F9 (Flyball, 9)
|
Bottom of the 5th over - 0 run(s), 0 hit(s), 0 error(s), 0 left on base; Newark 1 - Rio Grande 6 |
TOP OF THE 6TH |
Newark Bulldogs batting - Pitching for Rio Grande Rattlesnake : RHP Manny Silva
|
Batting: RHB Joe Baker
|
0-0: Called Strike 0-1: Called Strike 0-2: Ball 1-2: Strikes out swinging
|
Batting: LHB Ángel Tuzzi
|
0-0: Fly out, F8 (Flyball, 8RD)
|
Batting: RHB Ken McDonald
|
0-0: Called Strike 0-1: Foul Ball, location: 2F 0-2: Ball 1-2: SINGLE (Flyball, 9LS)
|
Batting: LHB Frank Jackson
|
0-0: Called Strike 0-1: Foul Ball, location: 2F 0-2: Ball 1-2: Foul Ball, location: 2F 1-2: Foul Ball, location: 2F 1-2: SINGLE (Flyball, 7LS) Ken McDonald to second
|
Batting: RHB Emílio Salas
|
0-0: Called Strike 0-1: Foul Ball, location: 2F 0-2: Ball 1-2: Strikes out swinging
|
Top of the 6th over - 0 run(s), 2 hit(s), 0 error(s), 2 left on base; Newark 1 - Rio Grande 6 |
BOTTOM OF THE 6TH |
Rio Grande Rattlesnake batting - Pitching for Newark Bulldogs : RHP José Gonzáles
|
Batting: RHB Juan López
|
0-0: Called Strike 0-1: Called Strike 0-2: Ball 1-2: Foul Ball, location: 2F 1-2: Ball 2-2: Foul Ball, location: 2F 2-2: Ball 3-2: Reached on error, E6 (Groundball, 6)
|
Batting: SHB Jeremy Holmes
|
0-0: Ball Juan López steals 2nd base 1-0: Swinging Strike 1-1: Ball 2-1: Ball 3-1: Base on Balls
|
Batting: SHB William Daly
|
0-0: Fielders Choice at 2nd, 4-6 (Groundball, 4) Juan López to third
|
Batting: LHB Claudio Rodríguez
|
0-0: Ball 1-0: Called Strike 1-1: Ball 2-1: Ball 3-1: Foul Ball, location: 2F 3-2: Ground out 4-3 (Groundball, 4) Juan López scores William Daly to second
|
Batting: RHB Miguel Hernández
|
0-0: Ball 1-0: Ball 2-0: Foul Ball, location: 2F 2-1: Ground out 4-3 (Groundball, 4MS)
|
Bottom of the 6th over - 1 run(s), 0 hit(s), 1 error(s), 1 left on base; Newark 1 - Rio Grande 7 |
TOP OF THE 7TH |
Newark Bulldogs batting - Pitching for Rio Grande Rattlesnake : RHP Manny Silva
|
Batting: RHB Pablo Gómez
|
0-0: Fly out, F8 (Flyball, 8RM)
|
Batting: LHB Iván Vázquez
|
0-0: Ball 1-0: Foul Ball, location: 2F 1-1: Ball 2-1: Called Strike 2-2: Ground out 3-1 (Groundball, 34)
|
Batting: LHB Gabriel MacNeill
|
0-0: Ball
|
|
|
|
1-0: Swinging Strike 1-1: Swinging Strike 1-2: Strikes out swinging
|
Top of the 7th over - 0 run(s), 0 hit(s), 0 error(s), 0 left on base; Newark 1 - Rio Grande 7 |
BOTTOM OF THE 7TH |
Rio Grande Rattlesnake batting - Pitching for Newark Bulldogs : RHP José Gonzáles
|
Batting: RHB Rafael Carreón
|
0-0: Called Strike 0-1: Ball 1-1: Fly out, F9 (Flyball, 9S)
|
Batting: RHB Jeff Bane
|
0-0: Called Strike 0-1: Ball 1-1: Swinging Strike 1-2: Ground out 6-3 (Groundball, 6)
|
Batting: RHB Liangde Que
|
0-0: Hit by Pitch
|
Batting: RHB Doug Delaney
|
0-0: Foul Ball, location: 2F 0-1: Foul Ball, location: 2F 0-2: SINGLE (Flyball, 8RS) Liangde Que to second
|
Batting: RHB Juan López
|
0-0: Fly out, F8 (Line Drive, 8RM)
|
Bottom of the 7th over - 0 run(s), 1 hit(s), 0 error(s), 2 left on base; Newark 1 - Rio Grande 7 |
TOP OF THE 8TH |
Newark Bulldogs batting - Pitching for Rio Grande Rattlesnake : RHP Manny Silva
|
Batting: RHB Wilson Flores
|
0-0: Ball 1-0: Called Strike 1-1: Ball 2-1: Foul Ball, location: 2F 2-2: Foul Ball, location: 2F 2-2: Strikes out looking
|
Batting: RHB Joe Baker
|
0-0: Called Strike 0-1: Swinging Strike 0-2: Ball 1-2: Strikes out swinging
|
Batting: LHB Ángel Tuzzi
|
0-0: Ball 1-0: Foul Ball, location: 2F 1-1: Ball 2-1: Swinging Strike 2-2: Ball 3-2: Strikes out swinging
|
Top of the 8th over - 0 run(s), 0 hit(s), 0 error(s), 0 left on base; Newark 1 - Rio Grande 7 |
BOTTOM OF THE 8TH |
Rio Grande Rattlesnake batting - Pitching for Newark Bulldogs : RHP José Gonzáles
|
Pitching: RHP Jesús Salazar
|
|
Batting: SHB Jeremy Holmes
|
0-0: Called Strike 0-1: SINGLE (Groundball, 4MD)
|
Batting: SHB William Daly
|
0-0: Called Strike 0-1: Swinging Strike 0-2: Ball 1-2: Ball 2-2: Ball 3-2: Foul Ball, location: 2F 3-2: Base on Balls Jeremy Holmes to second
|
Batting: LHB Claudio Rodríguez
|
0-0: Foul Ball, location: 2F 0-1: Ball 1-1: Ball 2-1: Ball 3-1: Called Strike 3-2: Base on Balls Jeremy Holmes to third William Daly to second
|
Batting: RHB Miguel Hernández
|
0-0: Called Strike 0-1: Called Strike 0-2: Grounds into fielders choice 1-2 (Groundball, P) William Daly to third Claudio Rodríguez to second
|
Batting: RHB Rafael Carreón
|
0-0: Ball 1-0: Grounds into double play, 1-2-3 (Groundball, 13)
|
Bottom of the 8th over - 0 run(s), 1 hit(s), 0 error(s), 2 left on base; Newark 1 - Rio Grande 7 |
TOP OF THE 9TH |
Newark Bulldogs batting - Pitching for Rio Grande Rattlesnake : RHP Manny Silva
|
Pitching: RHP Adrián Mora
|
|
Batting: RHB Ken McDonald
|
0-0: Ground out 6-3 (Groundball, 6D)
|
Batting: LHB Frank Jackson
|
0-0: Called Strike 0-1: Ball 1-1: Ball 2-1: Foul Ball, location: 2F 2-2: Ball 3-2: Fly out, F7 (Flyball, 7)
|
Batting: RHB Emílio Salas
|
0-0: Swinging Strike 0-1: Ball 1-1: Foul Ball, location: 2F 1-2: Foul Ball, location: 2F 1-2: Strikes out looking
|
Top of the 9th over - 0 run(s), 0 hit(s), 0 error(s), 0 left on base; Newark 1 - Rio Grande 7 |
|
Thursday, March 30th, 2017 - OOTP Baseball 17.12 Build 75
|
|